[Event "2017 South African Open Ch"]
[Site "Durban"]
[Date "2017.07.15"]
[Round "3"]
[White "Solomons, Deon"]
[Black "Nkuna, Windsor"]
[Result "1-0"]
[ECO "A05"]
[WhiteElo "2120"]
[BlackElo "1437"]
[Annotator "ChessBase"]
[PlyCount "87"]
[EventDate "2017.??.??"]
[EventCountry "RSA"]
[SourceTitle "playchess.com"]
[Source "ChessBase"]
[SourceQuality "1"]
[TimeControl "5400+30"]

1. Nf3 Nf6 2. g3 e6 3. c4 d5 4. Bg2 c5 5. O-O Be7 6. d4 O-O 7. cxd5 exd5 8. Nc3 Be6 9. Bg5 cxd4 10. Nxd4 Nc6 11. Rc1 Rc8 12. Nxe6 fxe6 13. Bh3 Qd7 14. e4 d4 15. Qb3 Nd8 16. Rcd1 Kh8 17. e5 Ng8 18. Ne4 Rc6 19. Qd3 Rb6 20. Qxd4 Qxd4 21. Rxd4 Rxb2 22. Rd7 Re2 23. Bxe7 Nxe7 24. Ng5 Nec6 25. f4 Re8 26. Rf2 Re1+ 27. Kg2 h6 28. Nf3 Re3 29. Rfd2 b5 30. Nd4 Nxd4 31. R7xd4 Nc6 32. Rd6 Na5 33. Bxe6 Nb7 34. Rd7 Nc5 35. Rd8 Re2+ 36. Kh3 Rxd2 37. Rxe8+ Kh7 38. Bg8+ Kg6 39. Rc8 Nd7 40. Rc6+ Nf6 41. exf6 gxf6 42. Rc7 h5 43. Bh7+ Kh6 44. Bf5 1-0

[Event "2017 South African Open Ch"]
[Site "Durban"]
[Date "2017.07.16"]
[Round "4"]
[White "Makoto, Rodwell"]
[Black "De Abreu, Roberto N"]
[Result "1-0"]
[ECO "A04"]
[WhiteElo "2372"]
[BlackElo "2145"]
[Annotator "NA RC"]
[PlyCount "92"]
[EventDate "2017.??.??"]
[EventCountry "RSA"]
[SourceTitle "playchess.com"]
[Source "ChessBase"]
[SourceQuality "1"]
[TimeControl "5400+30"]

1. Nf3 c5 2. g3 Nc6 3. d4 cxd4 4. Nxd4 Nf6 5. Bg2 d5 6. c4 e5 7. Nxc6 bxc6 8. O-O Be7 9. Nc3 Be6 10. Bg5 e4 {[%emt 0:01:17] LiveBook: 7 Games. D02: 1 d4 d5 2 Nf3 sidelines, including 2...Nf6 3 g3 and 2...Nf6 3 Bf4} 11. Qa4 {[%emt 0:02:02] [#] Threatens to win with Bxf6.} O-O 12. Rad1 Qb6 (12... Qe8 $14) 13. cxd5 $16 cxd5 14. Bxf6 $1 Bxf6 15. Nxd5 Bxd5 16. Rxd5 Qxb2 17. e3 ({Much worse is} 17. Qxe4 $6 Rae8 $11) ({But not} 17. Bxe4 $6 Qxe2 18. Bd3 Qe6 $14) 17... Rab8 18. Bxe4 Rb4 $146 19. Qc2 Qxc2 20. Bxc2 Rb7 21. Rfd1 Rc8 22. Bf5 Re8 23. Rd7 Rxd7 24. Rxd7 {[%emt 0:00:12] Endgame KRB-KRB} g6 25. Bc2 Re7 26. Rd5 Re5 27. Rd3 Re7 28. f4 Rc7 29. Bb3 Be7 30. Kf2 Kg7 31. e4 Bc5+ 32. Kf3 Bb4 33. Rd5 h5 34. e5 Bc5 35. h3 Bb6 36. Ke4 Rc3 {[%emt 0:01:37] [#]} 37. f5 gxf5+ 38. Kf4 Rc7 39. Kxf5 Bf2 40. Kf4 h4 41. g4 Bg3+ 42. Kf5 Re7 (42... Rb7 $142 43. Rc5 a6) 43. g5 Bh2 44. Bc4 ({White should try} 44. Ra5 $18) 44... Bg3 45. a4 Bh2 (45... Rc7 $16 {is a better defense.} 46. Bd3 Re7) 46. a5 Bg3 {[%emt 0:00:09] Precision: White = 59%, Black = 60%.} (46... Rc7 $16 47. Bb5 Re7) 1-0

[Event "2017 South African Open Ch"]
[Site "Durban"]
[Date "2017.07.16"]
[Round "4"]
[White "Kobese, Watu"]
[Black "Abrantes, Persson"]
[Result "1-0"]
[ECO "B08"]
[WhiteElo "2367"]
[BlackElo "2003"]
[Annotator "NA RC"]
[PlyCount "55"]
[EventDate "2017.??.??"]
[EventCountry "RSA"]
[SourceTitle "playchess.com"]
[Source "ChessBase"]
[SourceQuality "1"]
[TimeControl "5400+30"]

1. e4 d6 2. d4 Nf6 3. Nc3 g6 4. Nf3 Bg7 5. h3 O-O 6. Be3 c5 (6... b6 $11 {keeps the balance.}) 7. dxc5 $16 {[%emt 0:10:30] B08: Pirc Defence: Classical System} Qa5 {[%emt 0:00:10] next ...Nxe4 is good for Black.} 8. Nd2 ({Of course not} 8. cxd6 Nxe4 9. Bd2 (9. dxe7 Re8 $11) 9... Nxc3 $15) 8... Nfd7 {[%emt 0:12:55] [#]} ({Black should try} 8... dxc5 9. e5 (9. Nb3 Qc7 10. Bxc5 Rd8 11. Bd3 Nc6 12. Be3 Ne5 13. Qe2 b6 14. O-O Nxd3 15. cxd3 {1-0 (49) Fedorchuk,S (2645)-Shirazi,K (2408) France 2007}) 9... Nfd7) 9. Nd5 $146 {[%emt 0:05:55] White is clearly better.} ({Predecessor:} 9. cxd6 exd6 10. Bd3 Ne5 11. Nb3 Nxd3+ 12. Qxd3 Qa6 13. O-O f5 14. Qc4+ Kh8 {1-0 (26) Herrera,I (2439)-Perez Almeda,E Malaga 2003}) 9... Re8 10. c3 (10. cxd6 $16 exd6 11. c3) 10... e6 $1 $14 11. Nb3 Qd8 12. Nf4 (12. cxd6 $2 exd5 13. exd5 Nf6 $17) 12... dxc5 13. Nxc5 Qc7 14. Nb3 b6 15. Qc2 Bb7 16. Be2 (16. f3 $16) 16... Nc6 17. O-O Nf6 18. Rad1 Nb4 19. Qc1 Nxa2 20. Qb1 ({Better is} 20. Qa1 $1 $11 Nxc3 21. bxc3) 20... Nxc3 $1 $15 21. bxc3 {[%emt 0:00:02] [#] Threatens to win with Bd3.} Nxe4 22. Rc1 Nxc3 23. Qc2 (23. Bd2 $15 Rac8 24. Bxc3 Bxc3 25. Nd3) 23... Rec8 {[%emt 0:10:33] Black has strong compensation.} 24. Qd2 e5 25. Nd3 a5 (25... Qc6 $17 26. f3 Qc4) 26. Rfe1 (26. Bg4 $15 f5 27. Bd1) 26... e4 $2 (26... a4 $17 27. Na1 a3) 27. Nf4 $1 $11 Rd8 28. Bd4 {[%emt 0:02:15] Precision: White = 44%, Black = 46%.} (28. Nd4 $14 Nxe2+ 29. Ndxe2 (29. Nfxe2 Qd6 $14)) 1-0

[Event "2017 South African Open Ch"]
[Site "Durban"]
[Date "2017.07.16"]
[Round "4"]
[White "Oatlhotse, Providence"]
[Black "Solomons, Deon"]
[Result "1-0"]
[ECO "A55"]
[WhiteElo "2190"]
[BlackElo "2120"]
[Annotator "NA RC"]
[PlyCount "74"]
[EventDate "2017.??.??"]
[EventCountry "RSA"]
[SourceTitle "playchess.com"]
[Source "ChessBase"]
[SourceQuality "1"]
[TimeControl "5400+30"]

1. d4 Nf6 2. c4 d6 3. Nf3 Nbd7 4. Nc3 e5 5. e4 c6 6. Be2 Be7 7. O-O Qc7 8. b3 {[%emt 0:02:51] A55: Old Indian Defence with Nf3 and e4} Nf8 9. Bb2 Ng6 10. d5 $146 ({Predecessor:} 10. Qd2 O-O 11. Rfd1 Bg4 12. h3 Bxf3 13. Bxf3 h6 14. g3 Rad8 15. d5 Nh7 {1-0 (59) Stocek,J (2305)-Blatny,P (2525) Czechia 1994}) 10... c5 (10... Nf4 $11) 11. Ne1 $14 h5 12. Nd3 a6 13. a3 Bd7 14. Qd2 (14. a4 $16) 14... h4 15. b4 (15. a4 $14) 15... b6 (15... b5 $15) 16. bxc5 bxc5 17. Rab1 Nh5 18. Bxh5 Rxh5 19. Qd1 Rh8 20. Bc1 Rb8 21. Bd2 f6 22. Rxb8+ Qxb8 23. Qc2 Kf7 24. Rb1 Qc7 25. Qb3 h3 26. g3 $1 Bc8 27. f3 Rf8 28. Na4 Kg8 29. Nb6 f5 30. Nxc8 Qxc8 31. Qb7 (31. Nf2 $14) 31... Qe8 {[%emt 0:00:04] [#] ...fxe4 is the strong threat.} 32. exf5 ({Don't capture} 32. Qxa6 $2 fxe4 33. Ne1 (33. fxe4 $2 Qf7 $19) 33... exf3 $19) 32... Rxf5 33. Qb8 ({Wrong is} 33. Qxa6 $2 Rxf3 34. Nxc5 dxc5 $19) 33... Qxb8 34. Rxb8+ Kh7 35. Rb3 (35. Ne1 $16) 35... Rxf3 {[%emt 0:03:43] [#] Threatens to win with ...e4.} (35... e4 $5 36. Nf4 (36. fxe4 Rf3 $11) 36... exf3 $11) 36. Nxc5 $1 Rxb3 (36... dxc5 37. Rxf3) 37. Nxb3 e4 {[%emt 0:01:04] Precision: White = 43%, Black = 31%.} 1-0

[Event "2017 South African Open Ch"]
[Site "Durban"]
[Date "2017.07.16"]
[Round "4"]
[White "Mwale Joseph"]
[Black "Pesa, Mofoka A"]
[Result "1-0"]
[ECO "A05"]
[WhiteElo "2159"]
[BlackElo "1799"]
[Annotator "ChessBase"]
[PlyCount "68"]
[EventDate "2017.??.??"]
[EventCountry "RSA"]
[SourceTitle "playchess.com"]
[Source "ChessBase"]
[SourceQuality "1"]
[TimeControl "5400+30"]

1. Nf3 Nf6 2. g3 g6 3. c4 Bg7 4. Bg2 d6 5. O-O O-O 6. d3 c5 7. Nbd2 Nc6 8. Rb1 Qc7 9. a3 a5 10. b3 Bg4 11. Bb2 Rab8 12. h3 Bd7 13. d4 Bf5 14. Rc1 b6 15. g4 Bc8 16. d5 Na7 17. a4 e5 18. dxe6 fxe6 19. g5 Nh5 20. Bxg7 Qxg7 21. Ne4 d5 22. cxd5 Bb7 23. Nc3 exd5 24. Nxd5 Rbd8 25. e4 Nc6 26. Qc2 Rxd5 27. exd5 Nb4 28. Qc3 Qf7 29. Ne5 Qf5 30. Ng4 Qxg5 31. Rce1 Nxd5 32. Bxd5+ Bxd5 33. Re5 Rf5 34. Re8+ Kf7 1-0

[Event "2017 South African Open Ch"]
[Site "Durban"]
[Date "2017.07.16"]
[Round "4"]
[White "Mosenya, Ndawana"]
[Black "Vassiliadis, John"]
[Result "1/2-1/2"]
[ECO "B50"]
[WhiteElo "2062"]
[BlackElo "1729"]
[Annotator "NA RC"]
[PlyCount "55"]
[EventDate "2017.??.??"]
[EventCountry "RSA"]
[SourceTitle "playchess.com"]
[Source "ChessBase"]
[SourceQuality "1"]
[TimeControl "5400+30"]

1. e4 c5 2. Nf3 d6 3. c3 g6 4. d4 cxd4 5. cxd4 Bg7 6. Nc3 a6 {[%emt 0:00:15] B22: Sicilian: 2 c3} (6... Bg4 7. Bc4 Bxf3 8. Qxf3 e6 9. Bb5+ Kf8 10. Be3 Ne7 11. O-O Nd7 12. Rfd1 h6 13. Rac1 Kg8 14. Ba4 {1-0 (66) Aghamaliyev,C (2494)-Erturan,Y (2362) Konya 2016}) 7. Be2 e6 8. Bg5 Ne7 9. Qd2 $146 ({Predecessor:} 9. O-O O-O 10. Qd2 Re8 11. d5 e5 12. h3 f5 13. exf5 gxf5 14. Nh2 {1-0 (53) Tochor,J-Salac,J (2170) Czechia 1999}) 9... h6 10. Be3 Nbc6 11. h4 ({Better is} 11. d5 $16 exd5 12. exd5 (12. Nxd5 Nxd5 13. exd5 Ne7 $14)) 11... d5 12. e5 Nf5 13. h5 g5 14. Bd3 Nxe3 15. fxe3 Bd7 {[%emt 0:00:43] [#]} (15... g4 $11 {remains equal.}) 16. Nh2 $1 Nb4 17. Bb1 Qc7 (17... Qe7 $16) 18. O-O Ke7 19. Ng4 Raf8 20. a3 Nc6 21. Ba2 f5 $2 (21... Kd8 22. Rac1 Kc8) 22. exf6+ $1 Bxf6 23. Nxf6 Rxf6 24. Rxf6 Kxf6 25. Qf2+ Kg7 26. Rf1 Be8 27. Qf6+ Kg8 28. Qf8+ 1/2-1/2

[Event "2017 South African Open Ch"]
[Site "Durban"]
[Date "2017.07.16"]
[Round "4"]
[White "Choko, Siyabonga V"]
[Black "Jere, Daniel"]
[Result "1/2-1/2"]
[ECO "B32"]
[WhiteElo "1968"]
[BlackElo "2380"]
[Annotator "NA RC"]
[PlyCount "50"]
[EventDate "2017.??.??"]
[EventCountry "RSA"]
[SourceTitle "playchess.com"]
[Source "ChessBase"]
[SourceQuality "1"]
[TimeControl "5400+30"]

1. e4 c5 2. Nf3 Nc6 3. d4 cxd4 4. c3 e6 (4... dxc3 5. Nxc3 e6 6. Bc4 a6 7. O-O b5 8. Bb3 Bb7 9. Qe2 Nge7 10. Bg5 Na5 11. Bc2 f6 12. Bf4 Ng6 13. Bg3 Rc8 14. Rad1 Bc5 15. h4 O-O 16. h5 Ne7 {½-½ (25) Mosadeghpour,M (2474)-Ghaem Maghami,E (2577) Teheran 2016}) 5. Bc4 d5 6. exd5 {[%emt 0:06:57] B32: Sicilian: Löwenthal and Kalashnikov Variations} exd5 7. Qe2+ Be7 8. Bb5 {[%emt 0:00:09] Black is slightly better.} dxc3 $146 ({Predecessor:} 8... Nf6 9. cxd4 O-O 10. O-O Bg4 11. Be3 Rc8 12. Nc3 {0-1 (20) Sugden,D (1600)-Schofield,J (1800) Bolton 2002}) 9. Nxc3 Nf6 10. Ne5 Bd7 11. O-O O-O 12. Rd1 Nxe5 13. Qxe5 Be6 ({Black should try} 13... Bxb5 $17 14. Nxb5 Bc5) 14. Bf4 Bc5 {[%emt 0:09:45] [#] Hoping for ...Ng4.} 15. h3 Qb6 16. Rd2 Rac8 (16... Rfd8 $17 {...d4 is the strong threat.} 17. Bf1 {[#]} Ne4 $1 18. Nxe4 dxe4) 17. Qe2 (17. Bh6 $11 Qd8 18. Qg5) 17... Ne4 18. Nxe4 dxe4 19. Bd7 Bxd7 20. Rxd7 Rfe8 21. Be3 Bxe3 22. fxe3 Rc7 23. Rad1 g6 24. Qf2 {[%emt 0:02:18] White threatens Qxf7+ and mate.} Rxd7 25. Rxd7 Qe6 {[%emt 0:02:13] Precision: White = 34%, Black = 53%.} 1/2-1/2

[Event "2017 South African Open Ch"]
[Site "Durban"]
[Date "2017.07.16"]
[Round "4"]
[White "Khumalo, Keith"]
[Black "Govindasamy, Nashlen"]
[Result "1/2-1/2"]
[ECO "A05"]
[WhiteElo "1766"]
[BlackElo "2087"]
[Annotator "NA RC"]
[PlyCount "97"]
[EventDate "2017.??.??"]
[EventCountry "RSA"]
[SourceTitle "playchess.com"]
[Source "ChessBase"]
[SourceQuality "1"]
[TimeControl "5400+30"]

1. Nf3 Nf6 2. c4 c6 3. g3 d5 4. Bg2 e6 5. cxd5 exd5 6. d4 Bd6 7. Nc3 O-O 8. O-O {[%emt 0:00:06] LiveBook: 20 Games} Nbd7 9. a3 {[%emt 0:02:27] D35: Queen's Gambit Declined: Exchange Variation} (9. Qc2 Re8 10. Nh4 Nf8 11. Rd1 Ne6 12. a3 a5 13. Rb1 g6 14. b4 Qe7 15. Qb3 b5 16. e4 dxe4 17. Nxe4 Nxe4 18. Bxe4 {½-½ (56) Sasikiran,K (2643)-Libiszewski,F (2520) Stockholm 2016}) 9... h6 10. b4 $146 ({Predecessor:} 10. Nd2 Re8 11. e4 dxe4 12. Ndxe4 Nxe4 13. Nxe4 Nf6 14. Nxd6 Qxd6 15. Be3 Nd5 16. Qb3 Re7 17. Bxd5 Qxd5 18. Qxd5 cxd5 19. Rac1 Be6 20. Rc3 Rc8 {½-½ (20) Heyne,W (1474)-Schubert,H (1505) Teisnach 2009}) 10... a6 11. Nd2 Re8 12. e4 dxe4 13. Ndxe4 Nxe4 14. Nxe4 Nf6 15. Nc5 Qc7 16. Qc2 Be6 17. Re1 Bd5 18. Bd2 Bxg2 19. Kxg2 Bxc5 20. dxc5 Qd7 21. Bc3 Nd5 22. Bb2 Qg4 23. Qd2 f6 24. Qd4 Qxd4 25. Bxd4 Kf7 26. Rxe8 Rxe8 27. Rb1 Re4 28. Bb2 Ke6 ({Better is} 28... Re2 $17) 29. Kf1 (29. Kf3 $11 Kf5 30. h3) 29... h5 30. Re1 Rxe1+ 31. Kxe1 a5 32. bxa5 Nc7 33. f3 Na6 34. Ke2 Nxc5 35. Ke3 Kd5 36. g4 hxg4 37. fxg4 Ne6 38. h4 c5 39. h5 Ng5 40. Kf4 Ke6 41. Bc1 Nf7 42. Be3 Ne5 43. Ke4 $19 (43. Bg1 $11 {and White is okay.}) 43... Nxg4 44. Bxc5 Ne5 45. Bf8 Kf7 46. Bb4 Ke6 47. Bf8 Kf7 48. Bb4 Ke6 49. Bf8 1/2-1/2

[Event "2017 South African Open Ch"]
[Site "Durban"]
[Date "2017.07.16"]
[Round "4"]
[White "Kabi, Thato"]
[Black "Bhawoodien, Shabir Hussain"]
[Result "0-1"]
[ECO "C54"]
[WhiteElo "1752"]
[BlackElo "2066"]
[Annotator "NA RC"]
[PlyCount "74"]
[EventDate "2017.??.??"]
[EventCountry "RSA"]
[SourceTitle "playchess.com"]
[Source "ChessBase"]
[SourceQuality "1"]
[TimeControl "5400+30"]

1. e4 e5 2. d4 Nc6 3. Nf3 exd4 4. Bc4 Bc5 5. c3 Nf6 6. cxd4 (6. e5 $5 d5 7. exf6 dxc4 8. fxg7 $11) 6... Bb4+ 7. Bd2 Bxd2+ 8. Nbxd2 d5 9. exd5 Nxd5 10. O-O O-O {[%emt 0:00:07] LiveBook: 91 Games} 11. a3 {[%emt 0:02:48] C54: Giuoco Piano: 4 c3 Nf6, main lines with 5 d4 and 5 d3} (11. Rc1 Nb6 12. Bb3 a5 13. a3 a4 14. Ba2 Nxd4 15. Nxd4 Qxd4 16. Rxc7 Qxb2 17. Nc4 Nxc4 18. Bxc4 Qf6 19. Re1 {½-½ (30) Ma,Q (2637)-Wei,Y (2728) Beijing 2017}) 11... Nb6 12. Bd3 Nxd4 13. Nxd4 Qxd4 14. Qc2 h6 15. Rad1 $146 ({Predecessor:} 15. Nb3 Qf4 16. Rfe1 c6 17. Nc5 Nd5 18. b4 b6 {0-1 (33) Modallal,T (1992)-Mirzoev,A (2558) Beirut 2015}) 15... Bg4 16. Nf3 Qf6 17. Be4 c6 18. Rfe1 Rfe8 19. h3 Be6 20. Rd6 Rad8 21. Rxd8 Rxd8 22. b4 Nd5 23. b5 (23. Qc5 $17 {might work better.}) 23... cxb5 24. Qc5 a6 25. Nd4 $2 (25. Ne5) 25... b6 26. Nxe6 bxc5 27. Nxd8 Qxd8 28. Rd1 Qa5 29. Bxd5 Qxa3 30. g3 c4 31. Be4 Qe7 32. Re1 g6 33. Kf1 Qc5 34. Bb7 a5 35. Re8+ Kg7 36. Rc8 {[%emt 0:00:39] [#]} Qxc8 $19 37. Bxc8 a4 0-1

[Event "2017 South African Open Ch"]
[Site "Durban"]
[Date "2017.07.16"]
[Round "5"]
[White "Jere, Daniel"]
[Black "Goosen, Anton"]
[Result "1-0"]
[ECO "A11"]
[WhiteElo "2380"]
[BlackElo "2004"]
[Annotator "NA"]
[PlyCount "31"]
[EventDate "2017.??.??"]
[EventCountry "RSA"]
[SourceTitle "playchess.com"]
[Source "ChessBase"]
[SourceQuality "1"]
[TimeControl "5400+30"]

1. c4 c6 2. g3 d5 3. Bg2 Nf6 4. Nf3 Bf5 5. cxd5 cxd5 6. Qb3 Qc7 7. Nc3 e6 8. d3 Na6 9. Bf4 Bd6 10. Qa4+ Kd8 11. Nb5 Bb4+ 12. Qxb4 Nxb4 13. Bxc7+ Kd7 14. Ne5+ Kc8 15. Rc1 Nxa2 16. Nd6# 1-0

[Event "2017 South African Open Ch"]
[Site "Durban"]
[Date "2017.07.16"]
[Round "5"]
[White "Mwali, Chitumbo"]
[Black "Bhawoodien, Mohamed Ozayr"]
[Result "1-0"]
[ECO "A20"]
[WhiteElo "2356"]
[BlackElo "2103"]
[Annotator "NA"]
[PlyCount "47"]
[EventDate "2017.??.??"]
[EventCountry "RSA"]
[SourceTitle "playchess.com"]
[Source "ChessBase"]
[SourceQuality "1"]
[TimeControl "5400+30"]

1. c4 e5 2. g3 Nf6 3. Bg2 c6 4. d4 Bb4+ 5. Bd2 Bxd2+ 6. Qxd2 d6 7. Nc3 O-O 8. e3 Be6 9. b3 exd4 10. Qxd4 d5 11. cxd5 Nxd5 12. Nxd5 Bxd5 13. Bxd5 cxd5 14. Nf3 Nc6 15. Qf4 Qa5+ 16. Kf1 Nb4 17. Nd4 Rac8 18. Kg2 Nc2 19. Nf5 Nxa1 20. Qg4 Qc3 21. Rc1 Qf6 22. Rxc8 h6 23. Rc1 h5 24. Qf3 1-0

[Event "2017 South African Open Ch"]
[Site "Durban"]
[Date "2017.07.16"]
[Round "5"]
[White "Oatlhotse, Providence"]
[Black "Makoto, Rodwell"]
[Result "1/2-1/2"]
[ECO "D70"]
[WhiteElo "2190"]
[BlackElo "2372"]
[Annotator "NA"]
[PlyCount "37"]
[EventDate "2017.??.??"]
[EventCountry "RSA"]
[SourceTitle "playchess.com"]
[Source "ChessBase"]
[SourceQuality "1"]
[TimeControl "5400+30"]

1. d4 Nf6 2. c4 g6 3. Nf3 Bg7 4. Nc3 d5 5. cxd5 Nxd5 6. Qb3 Nxc3 7. bxc3 O-O 8. e3 c5 9. Be2 Qc7 10. O-O Nd7 11. a4 Nf6 12. Ba3 b6 13. a5 Be6 14. Qb2 Rab8 15. axb6 axb6 16. Bb5 Ne4 17. Nd2 Nd6 18. Be2 Bd5 19. Bf3 1/2-1/2

[Event "2017 South African Open Ch"]
[Site "Durban"]
[Date "2017.07.16"]
[Round "5"]
[White "Pon, Matt"]
[Black "Kobese, Watu"]
[Result "1-0"]
[ECO "A06"]
[WhiteElo "2163"]
[BlackElo "2367"]
[Annotator "NA"]
[PlyCount "63"]
[EventDate "2017.??.??"]
[EventCountry "RSA"]
[SourceTitle "playchess.com"]
[Source "ChessBase"]
[SourceQuality "1"]
[TimeControl "5400+30"]

1. Nf3 d5 2. g3 Nc6 3. c4 Nf6 4. Bg2 e5 5. cxd5 Nxd5 6. d3 Be7 7. O-O O-O 8. Nc3 Nb6 9. Bd2 Re8 10. Rc1 Bf8 11. Ne4 {[%emt 0:09:51] A29: English Opening: Four Knights Variation with 4 g3} (11. a3 Nd4 12. Ne4 c6 13. Nc5 Bxc5 14. Rxc5 Bg4 15. Re1 Bxf3 16. exf3 Nd5 17. b4 Qd7 18. Re4 f5 19. Re1 {1-0 (50) Dvalishvili,P (2440)-Iljiushenok,I (2491) Moscow 2015}) 11... Nd4 12. Nxd4 exd4 13. e3 $146 ({Predecessor:} 13. Re1 Be6 14. Ng5 Bd5 15. Bxd5 Nxd5 16. Qb3 b6 17. Rc6 Bc5 18. Qc4 Qd7 19. Rxc5 bxc5 20. Qxc5 {0-1 (85) Hernando Pertierra,J (2383)-Alvarez Abejon,A (2038) Madrid 2011}) 13... c6 14. exd4 Qxd4 15. Bc3 Qd8 16. Qf3 f5 17. Nd2 Na4 18. Nb3 Nxc3 19. bxc3 g6 20. d4 a5 21. d5 c5 22. Nd2 Bh6 23. Rcd1 Bd7 24. d6 Ba4 25. Qd5+ Kf8 26. Nb3 Bg7 27. Nxc5 Bxd1 28. Rxd1 Bxc3 $2 (28... Re5) 29. Nxb7 $2 (29. Qxb7 Qc8 30. Qxh7 Qxc5 31. Bd5 Qxd5 32. Rxd5) 29... Qf6 30. d7 Red8 31. Nc5 $18 Ra6 32. Nxa6 1-0

[Event "2017 South African Open Ch"]
[Site "Durban"]
[Date "2017.07.16"]
[Round "5"]
[White "Mnguni, Jacob Dumisani"]
[Black "Choko, Siyabonga V"]
[Result "1-0"]
[ECO "A20"]
[WhiteElo "2147"]
[BlackElo "1968"]
[Annotator "NA"]
[PlyCount "91"]
[EventDate "2017.??.??"]
[EventCountry "RSA"]
[SourceTitle "playchess.com"]
[Source "ChessBase"]
[SourceQuality "1"]
[TimeControl "5400+30"]

1. c4 e5 2. g3 g6 3. Bg2 Bg7 4. Nc3 Nf6 5. Nf3 d6 6. O-O O-O 7. d3 h6 8. Rb1 Nc6 9. Nd2 Rb8 10. b4 Be6 11. Nd5 Ne7 12. Nxe7+ Qxe7 13. b5 c5 14. bxc6 bxc6 15. Rxb8 Rxb8 16. Bxc6 d5 17. Qa4 Rc8 18. Ba3 Qc7 19. cxd5 Nxd5 20. Rc1 Qb6 21. Nb3 Bf8 22. Bxf8 Kxf8 23. Bxd5 Rxc1+ 24. Nxc1 Bxd5 25. Nb3 h5 26. Kf1 Kg7 27. Qa5 Qxa5 28. Nxa5 f5 29. Nb3 Kf6 30. f3 e4 31. Kf2 h4 32. gxh4 exf3 33. exf3 f4 34. Nc1 a5 35. a3 a4 36. Ne2 Ke5 37. d4+ Kf5 38. Nc3 Bb3 39. Ke2 Bc4+ 40. Kd2 Bb3 41. Ne4 Ke6 42. Nc3 Kf5 43. Kd3 g5 44. hxg5 Kxg5 45. Ke4 Bf7 46. d5 1-0

[Event "2017 South African Open Ch"]
[Site "Durban"]
[Date "2017.07.16"]
[Round "5"]
[White "De Abreu, Roberto N"]
[Black "Subke, Jason James"]
[Result "0-1"]
[ECO "D71"]
[WhiteElo "2145"]
[BlackElo "1932"]
[Annotator "NA"]
[PlyCount "93"]
[EventDate "2017.??.??"]
[EventCountry "RSA"]
[SourceTitle "playchess.com"]
[Source "ChessBase"]
[SourceQuality "1"]
[TimeControl "5400+30"]

1. d4 Nf6 2. c4 g6 3. g3 Bg7 4. Bg2 O-O 5. Nc3 d6 6. Nf3 c6 7. O-O d5 8. Qb3 Na6 9. Rd1 Nc7 10. h3 b6 11. Bf4 Ne6 12. Be5 Bb7 13. e3 Nh5 14. Bxg7 Kxg7 15. cxd5 cxd5 16. Ne5 Nf6 17. Rac1 Rc8 18. Nb5 a6 19. Nc3 Qd6 20. h4 Rc7 21. Nd3 Rfc8 22. Bh3 Ne4 23. Nxe4 dxe4 24. Rxc7 Rxc7 25. Bxe6 exd3 26. Bxf7 Qc6 27. d5 Qc2 28. Be6 d2 29. Qxc2 Rxc2 30. e4 a5 31. Kg2 Rxb2 32. Kf3 Kf6 33. Kf4 h6 34. e5+ Kg7 35. d6 exd6 36. exd6 Rb4+ 37. Ke3 Re4+ 38. Kxd2 Rxe6 39. Kc3 Re8 40. Rb1 Rc8+ 41. Kd4 Rc6 42. Ke5 Kf7 43. d7 Ke7 44. Rd1 Rc5+ 45. Kf4 Rf5+ 46. Ke3 Re5+ 47. Kd2 0-1

[Event "2017 South African Open Ch"]
[Site "Durban"]
[Date "2017.07.16"]
[Round "5"]
[White "Govindasamy, Nashlen"]
[Black "Mahlangu, Sipho"]
[Result "1-0"]
[ECO "A40"]
[WhiteElo "2087"]
[BlackElo "1739"]
[Annotator "NA"]
[PlyCount "67"]
[EventDate "2017.??.??"]
[EventCountry "RSA"]
[SourceTitle "playchess.com"]
[Source "ChessBase"]
[SourceQuality "1"]
[TimeControl "5400+30"]

1. d4 Nf6 2. c4 e6 3. g3 Bb4+ 4. Bd2 Bxd2+ 5. Qxd2 O-O 6. Bg2 d6 7. e4 e5 8. d5 a5 9. Ne2 Nbd7 10. O-O Nc5 11. Nbc3 a4 12. Rab1 Bg4 13. Nc1 Qc8 14. b4 axb3 15. axb3 Bh3 16. Re1 Bxg2 17. Kxg2 Qg4 18. f3 Qd7 19. Nd3 Nxd3 20. Qxd3 Ra3 21. Qc2 Rfa8 22. Qb2 Qd8 23. Na4 R3xa4 24. bxa4 b6 25. Qa3 Nd7 26. Rb5 Qg5 27. Re2 Nc5 28. a5 Nb7 29. axb6 Rxa3 30. bxc7 g6 31. c8=Q+ Kg7 32. Qxb7 Qc1 33. Rb1 Qxc4 34. Rf2 1-0

[Event "2017 South African Open Ch"]
[Site "Durban"]
[Date "2017.07.16"]
[Round "5"]
[White "Bhawoodien, Shabir Hussain"]
[Black "Southey, Andrew M"]
[Result "1/2-1/2"]
[ECO "B20"]
[WhiteElo "2066"]
[BlackElo "1807"]
[Annotator "NA"]
[PlyCount "68"]
[EventDate "2017.??.??"]
[EventCountry "RSA"]
[SourceTitle "playchess.com"]
[Source "ChessBase"]
[SourceQuality "1"]
[TimeControl "5400+30"]

1. e4 c5 2. c4 g6 3. Nc3 Bg7 4. Nge2 Nc6 5. g3 d6 6. Bg2 Nf6 7. O-O O-O 8. d3 Nd4 9. Nxd4 cxd4 10. Ne2 Nd7 11. f4 a5 12. b3 Nc5 13. f5 e5 14. g4 f6 15. Rf3 Rf7 16. h4 Bd7 17. Ng3 Qe7 18. a4 Kh8 19. Bd2 b6 20. Bh3 Qf8 21. Rb1 gxf5 22. Nxf5 Bxf5 23. exf5 e4 24. dxe4 Nxe4 25. Be1 Nc3 26. Bxc3 dxc3 27. Rxc3 Re7 28. Qd4 Rae8 29. Rf1 Re4 30. Qd1 Bh6 31. g5 fxg5 32. f6 Rxh4 33. f7 Re5 34. Rd3 g4 1/2-1/2

[Event "2017 South African Open Ch"]
[Site "Durban"]
[Date "2017.07.16"]
[Round "5"]
[White "Salimu, Reuben"]
[Black "Essa, Naseem Ahmed"]
[Result "1/2-1/2"]
[ECO "C11"]
[WhiteElo "1968"]
[BlackElo "1682"]
[Annotator "NA"]
[PlyCount "68"]
[EventDate "2017.??.??"]
[EventCountry "RSA"]
[SourceTitle "playchess.com"]
[Source "ChessBase"]
[SourceQuality "1"]
[TimeControl "5400+30"]

1. e4 e6 2. Nf3 d5 3. Nc3 Nf6 4. e5 Nfd7 5. d4 Be7 6. Bd3 a6 7. O-O c5 8. dxc5 Nxc5 9. Bf4 Nc6 10. Qe2 O-O 11. Rae1 b5 12. h4 Nxd3 13. cxd3 b4 14. Nb1 f6 15. exf6 Bxf6 16. Bg5 Bd7 17. Rc1 h6 18. Bxf6 Qxf6 19. Rc5 Rac8 20. Rfc1 Nd4 21. Nxd4 Rxc5 22. Rxc5 Qxd4 23. Rc7 Bb5 24. Rc8 Rxc8 25. Qxe6+ Kh7 26. Qf5+ g6 27. Qxc8 Bxd3 28. Qd7+ Qg7 29. Qxg7+ Kxg7 30. Nd2 Bc4 31. a3 bxa3 32. bxa3 Kf6 33. f4 Ke6 34. Kf2 h5 1/2-1/2